 Dungeon Crawl Stone Soup version 0.27.0-65-ge2af304b15 (webtiles) character file.

Game seed: 16372618419344469075

814 Meegle the Shield-Bearer (level 7, -1/44 HPs)
             Began as a Gargoyle Fighter on Aug 19, 2021.
             Was a Believer of Okawaru.
             Slain by Duvessa (14 damage)
             ... on level 6 of the Dungeon.
             The game lasted 00:35:43 (6231 turns).

Meegle the Shield-Bearer (Gargoyle Fighter)         Turns: 6231, Time: 00:35:43

Health: -1/44      AC: 16    Str: 20    XL:     7   Next: 93%
Magic:  16/16      EV:  8    Int:  9    God:    Okawaru [**....]
Gold:   89         SH: 10    Dex: 10    Spells: 6/6 levels left

rFire    . . .     SeeInvis .   a - +0 flail
rCold    . . .     Faith    .   c - +0 kite shield
rNeg     + . .     Spirit   .   b - +0 scale mail
rPois    ∞         Reflect  .   f - +2 hat
rElec    +         Harm     .   (no cloak)
rCorr    .         Rampage  .   (no gloves)
Will     +....                  u - +1 pair of boots
Stlth    ..........             (no amulet)
HPRegen  0.14/turn              l - ring of willpower
MPRegen  0.15/turn              r - ring of magical power

@: no status effects
A: sickness immunity, AC +4, negative energy resistance 1, electricity
resistance, torment resistance 1, petrification resistance
a: Renounce Religion, Heroism


You were on level 6 of the Dungeon.
You worshipped Okawaru.
Okawaru was pleased with you.
You visited 2 branches of the dungeon, and saw 7 of its levels.

You collected 188 gold pieces.
You spent 99 gold pieces at shops.

Inventory:

Hand Weapons
 a - a +0 flail (weapon)
Missiles
 v - 3 throwing nets (quivered)
Armour
 b - a +0 scale mail (worn)
 c - a +0 kite shield (worn)
 f - a +2 hat (worn)
 u - a +1 pair of boots (worn)
Jewellery
 l - a ring of willpower (left hand)
 r - a ring of magical power (right hand)
Wands
 i - a wand of digging (11)
 w - a wand of iceblast (8)
 y - a wand of paralysis (5)
Scrolls
 e - 2 scrolls of magic mapping {unknown}
 h - 2 scrolls of enchant armour {unknown}
 j - a scroll of amnesia {unknown}
 k - a scroll of holy word {unknown}
 m - 3 scrolls of teleportation {unknown}
 n - a scroll of fear {unknown}
 q - 3 scrolls of identify {unknown}
 s - 2 scrolls of vulnerability {unknown}
 t - 3 scrolls of acquirement {unknown}
 x - a scroll of immolation {unknown}
Potions
 d - a potion of might
 g - 3 potions of heal wounds {unknown}
 o - a potion of curing
 p - 2 potions of flight {unknown}


   Skills:
 + Level 4.9 Fighting
 + Level 5.9 Maces & Flails
 - Level 4.1 Armour
 - Level 0.6 Dodging
 + Level 0.6 Stealth
 + Level 6.2 Shields


You had 6 spell levels left.
You didn't know any spells.
Your spell library contained the following spells:

 Spells                   Type           Power      Damage    Failure   Level
 Animate Skeleton         Necr           0%         N/A       98%         1
 Apportation              Tloc           0%         N/A       98%         1
 Corona                   Hex            0%         N/A       98%         1
 Summon Small Mammal      Summ           0%         N/A       98%         1
 Ensorcelled Hibernation  Hex/Ice        0%         N/A       99%         2
 Dazzling Flash           Conj/Hex       0%         N/A       100%        3
 Spider Form              Tmut/Pois      0%         N/A       100%        3
 Agony                    Necr           0%         N/A       100%        5
 Silence                  Hex/Air        0%         N/A       100%        5
 Shadow Creatures         Summ           N/A        N/A       100%        6


Dungeon Overview and Level Annotations

Branches:
Dungeon (6/15)             Temple (1/1) D:4

Altars:
Ashenzari
Dithmenos
Elyvilon
Fedhas
Gozag
Hepliaklqana
Kikubaaqudgha
Makhleb
Nemelex Xobeh
Okawaru
Qazlal
Ru
Sif Muna
Trog
Uskayaw
Wu Jian
Xom
Yredelemnul
Zin
The Shining One

Shops:
D:3 !

Annotations:
D:6 Duvessa, Pikel


Innate Abilities, Weirdness & Mutations

You are immune to sickness and miasma.
Your stone body is resilient. (AC +4)
You are immune to poison.
You resist negative energy. (rN+)
You are resistant to electric shocks. (rElec)
You are resistant to unholy torment.
You are immune to petrification.


Message History

Duvessa hits you but does no damage. Dowan barely misses you.
Duvessa hits you with a +0 short sword.
You closely miss Dowan.
Dowan is heavily wounded.
You block Duvessa's attack. Dowan barely misses you.
Duvessa hits you with a +0 short sword.
You thump Dowan!
You kill Dowan!
Okawaru accepts your kill.
Duvessa weeps, then rights herself and shakes her weapon.
Duvessa goes berserk!
Duvessa hits you but does no damage. Duvessa hits you with a +0 short sword!
Your Shields skill increases to level 6!
You are too injured to fight recklessly!
You are too injured to fight recklessly!
Unknown command.
You barely miss Duvessa. You block Duvessa's attack. Duvessa barely misses you.
You hit Duvessa.
Duvessa is lightly wounded.
Duvessa hits you with a +0 short sword!
* * * LOW HITPOINT WARNING * * *
You block Duvessa's attack.
You feel better. You block Duvessa's attack.
You hit Duvessa but do no damage.
Duvessa is lightly wounded.
You block Duvessa's attack. Duvessa hits you with a +0 short sword.
* * * LOW HITPOINT WARNING * * *
You hit Duvessa.
Duvessa is lightly wounded.
Duvessa hits you but does no damage. x2
You feel better. Duvessa hits you with a +0 short sword.
* * * LOW HITPOINT WARNING * * *
You block Duvessa's attack.
A centaur zombie comes into view.
You hit Duvessa.
Duvessa is lightly wounded.
Duvessa hits you but does no damage.
An orc comes into view. It is wielding a +0 club.
Duvessa hits you with a +0 short sword!
You die...

#...........# #.....8.....#
#.....8.....##
#.............
##.8888}888..#
...8888.888..#
#...........#.
#.##..@)...... . ##
###....e.##.#.## #####...
...
#.Z.....###.#.####.<...#
...#####..#...###
#.#......##### .S.#.. #...#
#.##..####
#...#####...#####.#...# .
#..#...o......##....##
.###.......#####......#####
.....#..##.## ##..........#


You could see Duvessa (berserk, fast), an orc (wandering) and a centaur zombie.

Vanquished Creatures
  2 centaurs
  2 phantoms
  A bullfrog (D:4)
  Dowan (D:6)
  2 bullfrog skeletons (D:5)
  2 iguanas
  Ijyb (D:5)
  A scorpion zombie (D:5)
  2 hound skeletons (D:4)
  7 gnolls
  4 adders
  An ufetubus (D:5)
  3 worms (D:2)
  8 orcs
  4 ball pythons
  6 bats
  5 endoplasms
  2 giant cockroaches
  10 goblins
  2 hobgoblins
  7 jackals
  3 quokkas
  3 frilled lizards
  7 kobolds
  3 rats
89 creatures vanquished.

Notes
Turn   | Place    | Note
-------+----------+-------------------------------------------
     0 | D:1      | Meegle the Gargoyle Fighter began the quest for the Orb.
     0 | D:1      | Reached XP level 1. HP: 14/14 MP: 1/1
   275 | D:1      | Found a faded altar of an unknown god.
   470 | D:1      | Reached XP level 2. HP: 15/19 MP: 2/2
   982 | D:2      | Reached XP level 3. HP: 16/23 MP: 3/3
  1141 | D:2      | Found a glowing silver altar of Zin.
  1463 | D:2      | Reached skill level 4 in Shields
  1886 | D:3      | Found Vetoirr's Distillery.
  1897 | D:3      | Bought a potion of curing for 33 gold pieces
  1897 | D:3      | Bought a potion of lignification for 33 gold pieces
  1897 | D:3      | Bought a potion of attraction for 33 gold pieces
  2004 | D:3      | Reached XP level 4. HP: 22/28 MP: 4/4
  2782 | D:4      | Found a staircase to the Ecumenical Temple.
  2789 | Temple   | Entered the Ecumenical Temple
  2797 | Temple   | Became a worshipper of Warmaster Okawaru
  3050 | D:4      | Noticed a centaur
  3057 | D:4      | Killed a centaur
  3058 | D:4      | Reached XP level 5. HP: 22/33 MP: 5/5
  3232 | D:4      | Found a glowing golden altar of the Shining One.
  3375 | D:4      | Reached * piety under Okawaru
  3376 | D:4      | Reached skill level 5 in Shields
  3376 | D:4      | Reached XP level 6. HP: 27/38 MP: 6/6
  4481 | D:5      | Entered Level 5 of the Dungeon
  4645 | D:5      | Reached skill level 5 in Maces & Flails
  4645 | D:5      | Reached XP level 7. HP: 34/44 MP: 7/7
  5013 | D:5      | Found a bloodstained altar of Trog.
  5272 | D:5      | Noticed Ijyb
  5272 | D:5      | Paralysed by Ijyb for 5 turns
  5284 | D:5      | Paralysed by Ijyb for 7 turns
  5295 | D:5      | Killed Ijyb
  5414 | D:5      | Reached ** piety under Okawaru
  5787 | D:6      | Noticed Pikel
  5876 | D:6      | Noticed Duvessa
  5876 | D:6      | Noticed Dowan
  6224 | D:6      | Killed Dowan
  6225 | D:6      | Reached skill level 6 in Shields
  6231 | D:6      | Slain by Duvessa

Illustrated notes

Levels and vault maps discovered:
D:1:      minmay_arrival_open_corners, layout_rooms,
          hellmonk_ecumenical_altar_leap_of_faith,
          minmay_misc_feat_more_columns, st_stairs_7
D:2:      layout_loops_cross, basic_altar, minmay_octomino_e4
D:3:      layout_loops_ring, serial_shops, nicolae_shop_window_shopping,
          minmay_close_crescents
D:4:      layout_basic, old_standard_altar, minmay_temple_entry_tees,
          kennysheep_generic_room_6
D:5:      layout_loops_corners, lemuel_round_altar, uniq_ijyb
D:6:      layout_rooms, gup_sewer_entry_bubbles, hellmonk_bongcloud_opening,
          uniq_pikel, uniq_duvessa
Temple:   eino_narrow_crystal_temple

Skill      XL: |  1  2  3  4  5  6  7 |
---------------+----------------------+-----
Shields        | 4 5 6 |  6.2
Maces & Flails | 3 4 5 |  5.9
Armour         | 4 |  4.1
Fighting       | 4 |  4.9
Dodging        | |  0.6
Stealth        | |  0.6

Action                   |  1- 3 |  4- 6 |  7- 9 || total
-------------------------+-------+-------+-------++-------
Melee: Flail             |   149 |   154 |   125 ||   428
Evoke: Wand              |       |       |     1 ||     1
  Use: Potion            |       |       |     6 ||     6
Armor: Scale mail        |   108 |   107 |    82 ||   297
Dodge: Dodged            |    58 |    58 |    53 ||   169
Block: Kite shield       |   102 |   101 |    92 ||   295
